Elenmirie, chaotic female elven Wizard ----------- |..{_...... |.........| |......<..+ -------.--- # ### ### ### #### ### # --|--- ######################` #od |)..[| --------.---@-- |.)..| |.............| |[..[| |.............| ------ |...........{.| --------------- Elenmirie the Conjurer Experience level: 3 Strength: 9 Dexterity: 11 Constitution: 12 Intelligence: 20 Wisdom: 9 Charisma: 14 Health: 0(25) Energy: 20(20) Def: 2 Gold: 145 Moves: 1710 Dungeon seed: xdJZ7x2RF_7Qf1I3 Game ID: Elenmirie_1623053332 Your Inventory: Coins $ - 145 gold pieces Weapons a - a blessed +1 quarterstaff (weapon in hands) i - 2 uncursed +0 orcish daggers Armor l - an uncursed +0 cloak of magic resistance (being worn) q - an uncursed +0 orcish helm (being worn) Rings o - an uncursed ring of conflict B - an uncursed ring of warning Wands b - an uncursed wand of striking (0:4) D - an uncursed wand of striking (0:4) Tools e - an uncursed lock pick n - an uncursed tooled horn t - an uncursed mirror w - an uncursed sack x - an uncursed blindfold Contents of the sack: 279 gold pieces the uncursed +0 Frost Brand an uncursed scroll of blank paper a cursed scroll of confuse monster an uncursed scroll of gold detection an uncursed scroll of identify an uncursed scroll of teleportation an uncursed potion of fruit juice a potion of holy water an uncursed potion of monster detection an uncursed potion of object detection Spells and supernatural/magical abilities: Name Level Category Cost Memory a - force bolt 1 attack 5pw 98% d - dig 2 matter 11pw 100% j - jumping 1 escape 5pw 98% l - light 1 divination 5pw 100% m - magic missile 2 attack 10pw 98% n - detect monsters 1 divination 5pw 99% U - detect unseen 3 divination 33pw 98% W - pray for help -- divine ? -- Your skills at the end: Fighting Skills wands [Basic] Weapon Skills quarterstaff [Basic] Spellcasting Skills attack spells [Basic] enchantment spells [Basic] Final Attributes: You were piously aligned. You were immune to sleep. You were magic resistant. You saw invisible. You had infravision. You last prayed 143 turns ago. Anhur was noncommittal. You are dead. Vanquished creatures: a rabid rat a wererat an acid blob 2 coyotes a hobgoblin a giant rat 2 garter snakes 3 geckos 10 jackals 7 goblins 3 sewer rats a grid bug 2 lichens 4 newts 39 creatures vanquished. Voluntary challenges: You used a wielded weapon 35 times, starting on turn 76. You read items or engraved 8 times, starting on turn 854. You never genocided any monsters. You never polymorphed an object. You never changed form. You used no wishes. You never split a pudding. You never wrote Elbereth's name. You never violated your personal moral code. Dungeon overview: The Dungeons of Doom: levels 1 to 5 Level 1 a long staircase Level 2 a potion shop Level 3 some fountains a long staircase Level 4 Level 5 <- You were here a general store, an altar to Ptah, some fountains History has recorded: On T:1 you entered the Dungeons of Doom to retrieve the Amulet of Yendor! On T:276 you reached level 2 of The Dungeons of Doom. On T:579 you reached level 3 of The Dungeons of Doom. On T:721 you advanced to experience level 2. On T:1029 you reached level 4 of The Dungeons of Doom. On T:1201 you advanced to experience level 3. On T:1420 you reached level 5 of The Dungeons of Doom. Score breakdown: Gold: 424 ( 8940 points) Experience: 3 levels ( 7878 points) Exploration: 5 levels ( 10.00%) ( 8571 points) Discoveries: 5 items ( 1.74%) ( 3959 points) Valuables value: (no points given unless you survive) Artifact value: 0 ( 0 points) Variety of kills: 14 monsters ( 3.68%) ( 5758 points) Turncount: 1710 turns ( 0 points) Survival: died (score multiplied by 80%) Total score: 28084 Latest messages: WHAMMM!!! As you kick the door, it crashes open! The jackal bites! You miss the jackal. The jackal misses. You miss the jackal. The jackal bites! You miss the jackal. The jackal bites! You kill the jackal! The hobgoblin wields a curved sword! You hit the hobgoblin. The jackal bites! The hobgoblin swings her curved sword at you. The hobgoblin hits! You miss the hobgoblin. The jackal just misses! The hobgoblin swings her curved sword at you. The hobgoblin hits! You die... Final status: Goodbye Elenmirie the Wizard, killed by a hobgoblin... You died in The Dungeons of Doom on dungeon level 5 with 28084 points, and 424 pieces of gold, after 1710 moves. You were level 3 with a maximum of 25 hit points when you died.